 Dungeon Crawl Stone Soup version 0.31.0-11-ge490571c62 (webtiles) character file.

Game seed: 17473704092076834541

415 qw the Skirmisher (level 6, -1/35 HPs)
             Began as a Deep Elf Hunter on Feb 3, 2024.
             Slain by a wyvern (16 damage)
             ... on level 5 of the Dungeon.
             The game lasted 00:00:12 (3007 turns).

qw the Skirmisher (Deep Elf Hunter)                 Turns: 3007, Time: 00:00:12

Health: -1/35      AC:  7    Str: 14    XL:     6   Next: 60%
Magic:  8/8        EV: 12    Int: 14    God:
Gold:   230        SH:  0    Dex: 18    Spells: 5/5 levels left

rFire   . . .        a - +0 shortbow
rCold   . . .        (shield currently unavailable)
rNeg    . . .        q - +2 ring mail
rPois   .            (no helmet)
rElec   .            (no cloak)
rCorr   .            (no gloves)
SInv    .            (no boots)
Will    .....        (no amulet)
Stlth   +            g - +6 ring of strength
HPRegen 0.25/turn    (no ring)
MPRegen 0.11/turn

%: no passive effects
@: no status effects
A: hooves 1, weak 1, subdued magic 1
a: no special abilities


You were on level 5 of the Dungeon.
You visited 1 branch of the dungeon, and saw 5 of its levels.

You collected 291 gold pieces.
You spent 61 gold pieces at shops.


Innate Abilities, Weirdness & Mutations

You have large cloven feet.
You are weak. (Str -2)
Your spells are a little easier to cast, but a little less powerful.


   Skills:
 - Level 2.0 Fighting
 + Level 9.4 Ranged Weapons
 - Level 4.5 Dodging
 - Level 1.2 Stealth


You had 5 spell levels left.
You didn't know any spells.
Your spell library was empty.

Inventory:

Hand Weapons
 a - a +0 shortbow (weapon)
Armour
 n - the +0 robe of the Ghostly God {rC- Slay+3 SInv Stlth+}
   (You found it on level 3 of the Dungeon)

   Slay+3:    It affects your accuracy & damage with ranged weapons and melee
   (+3).
   rC-:       It makes you vulnerable to cold.
   SInv:      It lets you see invisible.
   Stlth+:    It makes you more stealthy.
 q - a +2 ring mail (worn)
Jewellery
 g - a +6 ring of strength (left hand)
Wands
 s - a wand of digging (6)
Scrolls
 b - 2 scrolls of teleportation
 c - 2 scrolls of identify
Potions
 d - a potion of lignification {unknown}
 e - a potion of enlightenment
 f - 2 potions of mutation
 j - 2 potions of might
 l - a potion of resistance

Dungeon Overview and Level Annotations

Branches:
Dungeon (5/15)
 Temple: D:4-7

Altars:
Ashenzari
Qazlal
Zin

Shops:
D:2 *

Annotations:
D:5 3 runed translucent doors, qw's ghost, novice DEHu


Message History

Moving in this stuff is going to be slow.
You enter the shallow water.
Moving in this stuff is going to be slow.
You enter the shallow water.
Moving in this stuff is going to be slow.
Found a scroll of vulnerability.
You see here a scroll of vulnerability.
Found an escape hatch in the ceiling.
There is an escape hatch in the ceiling here.
Qw's ghost turns its malevolent gaze towards you.
Qw's ghost whispers, "Everlasting silence awaits you..."
An iguana comes into view.
You shoot an arrow. The arrow hits the iguana.
The iguana hisses angrily.
The iguana is moderately wounded.
You shoot an arrow. The arrow hits the iguana.
The iguana is heavily wounded.
You shoot an arrow. The arrow hits the iguana!
You kill the iguana!
A wyvern comes into view.
Found a dagger.
The white imp disappears for a moment.
You shoot an arrow.
The arrow hits the wyvern but does no damage.
The wyvern hisses angrily.
You shoot an arrow. The arrow hits the wyvern.
The wyvern is lightly wounded.
You shoot an arrow.
The arrow hits the wyvern but does no damage.
The wyvern is lightly wounded.
You shoot an arrow. The arrow hits the wyvern.
The wyvern is lightly wounded.
You shoot an arrow. The arrow hits the wyvern.
The wyvern is lightly wounded.
The wyvern bites you! The wyvern bites you.
You shoot an arrow.
The arrow hits the wyvern but does no damage.
The wyvern is lightly wounded.
The wyvern bites you!
You die...

#) #. #.### ...# #...
#..# ##.k# #####
#..@###...#### #
#............#.###.
##...#####.....#.....
##
##...###..5###.........
.###
#..###....ZZZ##..######
7..#
##.##....###...#..#
7#.######..#....#
#..#..#
7#.........#...# ..
#..#.##
777#..###..+...#
...#.##.#


You could see a wyvern, a white imp, a water moccasin simulacrum, a hound
simulacrum and a bullfrog simulacrum.

Vanquished Creatures
  Eustachio (D:4)
  A scorpion (D:4)
  A hound (D:3)
  3 iguanas
  3 adders
  2 dart slugs
  3 ribbon worms
  8 orcs
  8 endoplasms
  3 giant cockroaches
  6 goblins
  7 hobgoblins
  4 jackals
  4 quokkas
  4 ball pythons
  5 bats (D:2)
  A frilled lizard (D:2)
  2 kobolds
  4 rats
70 creatures vanquished.

Notes
Turn   | Place    | Note
-------+----------+-------------------------------------------
     0 | D:1      | qw the Deep Elf Hunter began the quest for the Orb.
     0 | D:1      | Reached XP level 1. HP: 12/12 MP: 3/3
     0 | D:1      | 0 ||| qw: Version: 0.3-a-158-g18b3111
     0 | D:1      | 0 ||| qw: Game counter: 4075
     0 | D:1      | 0 ||| qw: Melee chars always use a shield: true
     0 | D:1      | 0 ||| qw: God list: Okawaru
     0 | D:1      | 0 ||| qw: Allow faded altars: false
     0 | D:1      | 0 ||| qw: Do Orc after clearing Dungeon:15 true
     0 | D:1      | 0 ||| qw: Do second Lair branch before Depths: true
     0 | D:1      | 0 ||| qw: Lair rune preference: random
     0 | D:1      | 0 ||| qw: Goals: Normal
     0 | D:1      | 0 ||| PLANNING D:1-11
   124 | D:1      | Reached XP level 2. HP: 16/16 MP: 4/4
   161 | D:1      | Reached skill level 6 in Ranged Weapons
   214 | D:1      | Found a faded altar of an unknown god.
   604 | D:1      | 604 ||| UPGRADING to +0 scale mail.
   614 | D:1      | 614 ||| DROPPING +0 leather armour.
   615 | D:1      | 615 ||| READING scroll labelled KANYXEKKIYD.
   615 | D:1      | 615 ||| IDENTIFYING green potion
   616 | D:1      | 616 ||| READING scroll labelled BOEXKI ECOLIW.
   617 | D:1      | 617 ||| READING 3 scrolls labelled LOXYERGHUOBOTT.
   617 | D:1      | 617 ||| ENCHANTING +0 shortbow.
   618 | D:1      | 618 ||| READING scroll labelled ZOTSIUWUIPPI.
   719 | D:1      | 719 ||| READING scroll labelled UZIUNI SUYBREG.
   720 | D:1      | 720 ||| DRINKING 3 fizzy blue potions.
   720 | D:1      | Gained mutation: You passively map a small area around you.
                  | [potion of mutation]
   720 | D:1      | Gained mutation: Potions are less effective at restoring
                  | your health. [potion of mutation]
   721 | D:1      | 721 ||| DRINKING 2 potions of mutation.
   721 | D:1      | Lost mutation: You passively map a small area around you.
                  | [potion of mutation]
   721 | D:1      | Lost mutation: Potions are less effective at restoring your
                  | health. [potion of mutation]
   721 | D:1      | Gained mutation: You are weak. (Str -2) [potion of
                  | mutation]
   721 | D:1      | Gained mutation: Your spells are a little easier to cast,
                  | but a little less powerful. [potion of mutation]
   721 | D:1      | Gained mutation: You have large cloven feet. [potion of
                  | mutation]
   722 | D:1      | 722 ||| DROPPING scroll of butterflies.
   797 | D:2      | Found Taebaod's Assorted Antiques.
   805 | D:2      | 805 ||| BUYING 2 sedimented purple potions (41 gold).
   805 | D:2      | Bought 2 sedimented purple potions for 41 gold pieces
   805 | D:2      | 805 ||| SHOPLISTING brass wand (92 gold, have 26).
   805 | D:2      | 805 ||| BUYING cyan potion (20 gold).
   805 | D:2      | Bought a cyan potion for 20 gold pieces
   805 | D:2      | 805 ||| SHOPLISTING gluggy blue potion (20 gold, have 6).
   805 | D:2      | 805 ||| SHOPLISTING inky potion (20 gold, have 6).
   805 | D:2      | 805 ||| SHOPLISTING scroll labelled ESAZAO WIBLOE (23 gold,
                  | have 6).
   805 | D:2      | 805 ||| SHOPLISTING scroll of identify (46 gold, have 6).
   805 | D:2      | 805 ||| SHOPLISTING sedimented purple potion (20 gold, have
                  | 6).
   805 | D:2      | 805 ||| SHOPLISTING smoky inky potion (20 gold, have 6).
   813 | D:2      | Reached XP level 3. HP: 20/20 MP: 5/5
  1137 | D:2      | 1137 ||| UPGRADING to +6 ring of strength.
  1138 | D:2      | 1138 ||| READING scroll labelled DAFADE COOGAU.
  1139 | D:2      | 1139 ||| DRINKING 2 sedimented purple potions.
  1140 | D:2      | 1140 ||| DRINKING 3 cyan potions.
  1170 | D:3      | Reached skill level 7 in Ranged Weapons
  1225 | D:3      | Identified the +0 robe of the Ghostly God {rC- Slay+3 SInv
                  | Stlth+}
  1238 | D:3      | Reached XP level 4. HP: 12/25 MP: 6/6
  1242 | D:3      | HP: 4/25 [quokka (3)]
  1243 | D:3      | 1243 ||| DRINKING 2 potions of heal wounds.
  1341 | D:3      | Reached skill level 8 in Ranged Weapons
  1349 | D:3      | Identified the +11 dagger of Disgust {venom, Int+3 Dex+7}
  1441 | D:3      | Found a broken altar of Ashenzari.
  1834 | D:3      | 1834 ||| UPGRADING to +0 ring mail.
  1844 | D:3      | 1844 ||| DROPPING +0 scale mail.
  1845 | D:3      | 1845 ||| READING 2 scrolls of enchant armour.
  1845 | D:3      | 1845 ||| ENCHANTING +0 ring mail.
  1846 | D:3      | 1846 ||| READING scroll of enchant armour.
  1846 | D:3      | 1846 ||| ENCHANTING +1 ring mail.
  1847 | D:3      | 1847 ||| READING 4 scrolls of identify.
  1847 | D:3      | 1847 ||| IDENTIFYING bubbling orange potion
  1848 | D:3      | 1848 ||| READING 3 scrolls of identify.
  1848 | D:3      | 1848 ||| IDENTIFYING blue potion
  1849 | D:3      | 1849 ||| READING 2 scrolls of identify.
  1849 | D:3      | 1849 ||| IDENTIFYING fuming pink potion
  1850 | D:3      | 1850 ||| READING scroll of identify.
  1850 | D:3      | 1850 ||| IDENTIFYING 2 smoky inky potions
  1851 | D:3      | 1851 ||| READING scroll labelled SIROSILL XOAD.
  1852 | D:3      | 1852 ||| READING scroll labelled BAWAKIA KIMOVU.
  1855 | D:3      | 1855 ||| DRINKING 2 fizzy emerald potions.
  1856 | D:3      | 1856 ||| DROPPING potion of brilliance.
  1857 | D:3      | 1857 ||| DROPPING potion of berserk rage.
  2000 | D:4      | Noticed a scorpion
  2001 | D:4      | 2001 ||| DRINKING potion of haste.
  2014 | D:4      | HP: 6/25 [poisoned by a scorpion]
  2015 | D:4      | 2015 ||| DRINKING potion of heal wounds.
  2019 | D:4      | Killed a scorpion
  2019 | D:4      | HP: 6/25 [poisoned by a scorpion]
  2020 | D:4      | Reached XP level 5. HP: 7/29 MP: 7/7
  2020 | D:4      | 2020 ||| DRINKING potion of curing.
  2020 | D:4      | 2020 ||| (to cure poison)
  2265 | D:4      | Reached skill level 9 in Ranged Weapons
  2508 | D:4      | Noticed Eustachio
  2537 | D:4      | Killed Eustachio
  2538 | D:4      | Reached XP level 6. HP: 20/35 MP: 8/8
  2816 | D:5      | Entered Level 5 of the Dungeon
  2822 | D:5      | Found a stormy altar of Qazlal.
  2824 | D:5      | Found a glowing silver altar of Zin.
  2861 | D:5      | Found a runed translucent gate.
  2862 | D:5      | Found a runed translucent gate.
  2863 | D:5      | Found a runed translucent gate.
  2981 | D:5      | Noticed qw's ghost (novice DEHu)
  3001 | D:5      | Noticed a wyvern
  3007 | D:5      | Slain by a wyvern

Levels and vault maps discovered:
D:1:      dpeg_arrival_simpleton_b, layout_loops_ring,
          chequers_ecumenical_altar_simple
D:2:      layout_rooms, serial_shops, nicolae_shop_waterfront, minmay_bisected
D:3:      cheibrodos_helix_gallery, layout_loops_ring,
          cheibrodos_ashenzari_chains, minmay_vboxes
D:4:      layout_loops_ring, uniq_eustachio
D:5:      layout_loops_cross, kiku_gazebo_pond_becter,
          chequers_temple_overflow_statue_of_worship, gammafunk_ghost_icy,
          corexii_hall_statues_i, serial_bayou_crossing

Skill      XL: |  1  2  3  4  5 |
---------------+----------------+-----
Ranged Weapons | 6 7 8 9 |  9.4
Fighting       | 2 |  2.0
Dodging        | 4 |  4.5
Stealth        | |  1.2

Action                     |  1- 3 |  4- 6 || total
---------------------------+-------+-------++-------
   Fire: Shortbow          |    99 |   170 ||   269
    Use: Scroll            |     6 |     8 ||    14
         Potion            |     4 |     5 ||     9
 Armour: Scale mail        |    26 |    34 ||    60
         Leather armour    |     1 |       ||     1
         Ring mail         |       |    58 ||    58
  Dodge: Dodged            |    25 |    69 ||    94

Table legend:
 A = Non-vault XP
 B = Vault XP
 C = Vault XP percentage of total XP
 D = Non-vault monster count
 E = Vault monster count
 F = Vault count percentage of total count
                 A         B        C        D         E       F
            +---------+---------+-------+---------+---------+-------
      Total |     355 |     238 |  40.1 |      61 |       9 |  12.9
            +---------+---------+-------+---------+---------+-------
        D:1 |      32 |       0 |   0.0 |      17 |       0 |   0.0
        D:2 |      24 |       4 |  14.3 |      15 |       1 |   6.2
        D:3 |      71 |      38 |  34.9 |      15 |       7 |  31.8
        D:4 |     177 |     196 |  52.5 |       9 |       1 |  10.0
        D:5 |      51 |       0 |   0.0 |       5 |       0 |   0.0
            +---------+---------+-------+---------+---------+-------
